AoeStats
← Dd

Arena

505381074Analyzed
1v1 RM · 21d ago on Sep 9, 2026· 32m 1s· 2 players
Game mode
Random Map
Map size
Tiny (2 player)
Population
200
Speed
Normal
Resources
Standard
Victory
Conquest
Starting age
Dark Age
Ending age
Imperial Age
RankedLock teamsTeams togetherTeam positionsShared explorationLock speedFull tech treeHidden civsTurbo modeCheats
Victory
Defeat
🇨🇳 Spanish · China
1252
+15
🇫🇷 Japanese · France
1224
-15
Cryptomage
6:19 Loom
10:13 Feudal Age
8:28 Loom
15:03 Castle Age
17:58 Fletching
19:20 Double-Bit Axe
24:38 Scale Mail Armor
26:43 Horse Collar
Dd
8:15 Loom
10:45 Feudal Age
15:24 Castle Age
15:42 Fletching
28:33 Padded Archer Armor
29:36 Bodkin Arrow
Connection lost

Rejoining the realm…

Still unreachable

The connection could not be restored.

Session expired

The server has moved on; the page needs a fresh start.